 Dungeon Crawl Stone Soup version 0.24.0-13-gcf9b3192b9 (webtiles) character file.

Game seed: 16681518526178037396, levelgen mode: deterministic

24 Lanoc the Skirmisher (level 2, -5/29 HPs)
             Began as a Troll Abyssal Knight on Nov 11, 2019.
             Was a Follower of Lugonu.
             Slain by Grinder (8 damage)
             ... on level 3 of the Dungeon.
             The game lasted 00:01:55 (368 turns).

Lanoc the Skirmisher (Troll Abyssal Knight)          Turns: 368, Time: 00:01:55

Health: -5/29      AC:  6    Str: 19    XL:     2   Next: 79%
Magic:  2/2        EV: 10    Int:  8    God:    Lugonu [*.....]
Gold:   28         SH:  0    Dex:  9    Spells: 1/1 levels left

rFire    . . .     SeeInvis .   a - +1 spear
rCold    . . .     Gourm    +   (no shield)
rNeg     . . .     Faith    .   b - +0 robe
rPois    .         Spirit   .   (helmet restricted)
rElec    +         Reflect  .   (no cloak)
rCorr    .         Harm     .   (gloves unavailable)
MR       .....                  (boots unavailable)
Stlth    +.........             (no amulet)
HPRegen  0.49/turn              (no ring)
MPRegen  0.08/turn              (no ring)

@: no status effects
A: large, unfitting armour, beak, claws 3, fast metabolism 3, gourmand,
regeneration 1, shaggy fur 1, electricity resistance, tough skin 3, MP-powered
wands
a: Depart the Abyss, Renounce Religion


You were on level 3 of the Dungeon.
You worshipped Lugonu.
Lugonu was aware of your devotion.
You were very full.

You visited 1 branch of the dungeon, and saw 3 of its levels.
You visited the Abyss 1 time.

You collected 28 gold pieces.

Inventory:

Hand Weapons
 a - a +1 spear (weapon)
Armour
 b - a +0 robe (worn)
Scrolls
 d - a scroll of blinking {unknown}
Comestibles
 c - 2 rations


   Skills:
 + Level 2.6 Fighting
 * Level 2.0 Polearms
 + Level 2.1 Dodging
 * Level 2.0 Invocations


You had one spell level left.
You didn't know any spells.
Your spell library was empty.

Dungeon Overview and Level Annotations

Branches:
Dungeon (3/15)

Altars:
Wu Jian

Annotations:
D:2 Terence
D:3 Grinder


Innate Abilities, Weirdness & Mutations

You are too large for most types of armour.
You have claws for hands.
Your metabolism is lightning-fast.
You like to eat raw meat.
Your natural rate of healing is unusually fast.
You are covered in fur. (AC +1)
You have extremely tough skin. (AC +3)
You have a beak for a mouth.
You are resistant to electric shocks. (rElec)
You expend magic power (3 MP) to strengthen your wands.


Message History

You struggle to resist.
Grinder barely misses you.
You hit Grinder.
Grinder is moderately wounded.
Grinder hits you!
You writhe in agony.
You hit Grinder but do no damage.
Grinder is moderately wounded.
Grinder hits you!
* * * LOW HITPOINT WARNING * * *
You writhe in agony.
* * * LOW HITPOINT WARNING * * *
It was a potion of mutation.
You feel extremely strange.
You feel insulated.
Your mouth lengthens and hardens into a beak!
You feel your magical essence link to the dungeon's wands.
Grinder hits you but does no damage.
You hit Grinder. You peck Grinder!
Grinder is severely wounded.
Grinder hits you!
You die...

#)#####.#
#.##.# #.#. #.#
#.# #....# #.##
#.# #.# ######
#... #.# #.#
#### #.# #.#
#.# #> #.#
#.#############
#......@5......
######...######
#.........
#...#####.
##.## #.# #.#
#.# #.#


You could see Grinder.

Vanquished Creatures
  A worm (D:2)
  A leopard gecko (D:3)
  2 ball pythons (D:2)
  2 giant cockroaches (D:3)
  2 goblins (D:3)
  2 hobgoblins (D:2)
  2 frilled lizards
  3 kobolds
  5 rats
20 creatures vanquished.

Notes
Turn   | Place    | Note
-------+----------+-------------------------------------------
     0 | Abyss:1  | Lanoc the Troll Abyssal Knight began the quest for the Orb.
     0 | Abyss:1  | Reached XP level 1. HP: 22/22 MP: 1/1
    38 | Abyss:1  | Found a corrupted altar of Lugonu.
    64 | Abyss:1  | Noticed a flying skull
    71 | D:1      | Escaped the Abyss
   103 | D:2      | Reached * piety under Lugonu
   114 | D:2      | Reached XP level 2. HP: 21/29 MP: 2/2
   148 | D:2      | Found an ornate altar of the Wu Jian Council.
   160 | D:2      | Noticed Terence
   347 | D:3      | Noticed Grinder
   350 | D:3      | Paralysed by Grinder for 6 turns
   367 | D:3      | Gained mutation: You are resistant to electric shocks.
                  | (rElec) [potion of mutation]
   367 | D:3      | Gained mutation: You have a beak for a mouth. [potion of
                  | mutation]
   367 | D:3      | Gained mutation: You expend magic power (3 MP) to
                  | strengthen your wands. [potion of mutation]
   368 | D:3      | Slain by Grinder

Levels and vault maps discovered:
D:1:      wander_arrival_lonely_grave, layout_basic, grunt_decor_cap,
          amethyst_killhole, serial_bayou_pond_d, columned_hall_lemuel
D:2:      layout_rooms, lemuel_doored_altar, ashenzari_altar_1, first_ration,
          kennysheep_big_empty_room, uniq_terence
D:3:      layout_basic, marbit_many_paths, nicolae_overflow_crystal_walls,
          uniq_grinder

Skill      XL: |  1  2 |
---------------+-------+-----
Dodging        | 2 |  2.1
Invocations    | 2 |  2.0
Polearms       | 2 |  2.0
Fighting       | |  2.6

Action                   || total
-------------------------++-------
Melee: Spear             ||    77
       Peck              ||     1
Invok: Depart the Abyss  ||     1
  Use: Potion            ||     1
 Stab: Sleeping          ||     1
  Eat: Chunk             ||     8
Armor: Robe              ||    26
Dodge: Dodged            ||    35
